 Dungeon Crawl Stone Soup version 0.24-a0-451-g263dff2034 (webtiles) character file.

Game seed: 7440292764833961145

18 Mrkan the Skirmisher (level 2, 0/24 HPs)
             Began as a Formicid Abyssal Knight on June 26, 2019.
             Was a Follower of Lugonu.
             Succumbed to an adder's poison
             ... on level 1 of the Dungeon.
             The game lasted 00:02:27 (818 turns).

Mrkan the Skirmisher (Formicid Abyssal Knight)       Turns: 818, Time: 00:02:27

Health: 0/24       AC:  3    Str: 16    XL:     2   Next: 90%
Magic:  3/3        EV: 11    Int: 11    God:    Lugonu [*.....]
Gold:   82         SH:  0    Dex: 10    Spells: 1/1 levels left

rFire    . . .     SeeInvis +   a - +1 mace
rCold    . . .     Gourm    .   (no shield)
rNeg     . . .     Faith    .   b - +0 leather armour
rPois    .         Spirit   .   (helmet unavailable)
rElec    .         Reflect  .   (no cloak)
rCorr    .         Harm     .   (no gloves)
MR       .....                  (no boots)
Stlth    +.........             (no amulet)
HPRegen  0.08/turn              (no ring)
MPRegen  0.08/turn              (no ring)

@: lethally poisoned (0 -> -10)
A: permanent stasis, dig shafts and tunnels, four strong arms, antennae 3
a: Dig, Shaft Self, Depart the Abyss, Renounce Religion


You were on level 1 of the Dungeon.
You worshipped Lugonu.
Lugonu was aware of your devotion.
You were not hungry.

You visited 1 branch of the dungeon, and saw 2 of its levels.
You visited the Abyss 1 time.

You collected 82 gold pieces.

Inventory:

Hand Weapons
 a - a +1 mace (weapon)
Armour
 b - a +0 leather armour (worn)
 h - a +1 pair of gloves
Jewellery
 m - a +3 ring of dexterity {unknown}
Scrolls
 e - a scroll of remove curse {unknown}
 g - a scroll of teleportation {unknown}
 j - 3 scrolls of blinking {unknown}
 k - 3 scrolls of identify {unknown}
 l - a scroll of noise {unknown}
 n - 2 scrolls of magic mapping {unknown}
Potions
 i - a potion of berserk rage {unknown}
Comestibles
 c - 2 rations


   Skills:
 + Level 3.5 Fighting
 * Level 2.6 Maces & Flails
 - Level 2.1 Armour
 - Level 0.8 Dodging
 + Level 2.6 Invocations


You had one spell level left.
You didn't know any spells.
Your spell library was empty.

Dungeon Overview and Level Annotations

Branches:
Dungeon (2/15)

Altars:


Innate Abilities, Weirdness & Mutations

You cannot be hasted, slowed, berserked, paralysed or teleported.
You can dig through walls and to a lower floor.
Your four strong arms can wield two-handed weapons with a shield.
You have a pair of large antennae on your head. (SInv)


Message History

* * * LOW HITPOINT WARNING * * *
You feel sick. The adder barely misses you.
* * * LOW HITPOINT WARNING * * *
You feel sick.
There is a stone staircase leading up here.
* * * LOW HITPOINT WARNING * * *
You feel sick. The adder closely misses you.
You climb upwards.
* * * LOW HITPOINT WARNING * * *
You feel sick.
There is a stone staircase leading down here.
Unknown command.
It was a potion of haste.
Your stasis prevents you from being hasted.
The adder misses you. The adder bites you.
* * * LOW HITPOINT WARNING * * *
You are more poisoned.
The adder poisons you!
It was a potion of cancellation.
You feel magically purged.
You die...

..##........# #.##.######.#
.....# #.# #.#### #.#
#.#########.# .........##.#
....####.##.# ....# #.##.#
################## ....# #.##.#
#@S...)..........#
....####.##.####.#.############.#
.........##.......#.# #.#
....##.#...........## #.#
......###.######...############.#
.....)####....................#.#
.......##....###.#.#..#######.#.#
.......#.##### #.#.#..### #.#.#
.....##.## #.#......# ##.#.#


You could see an adder.

Vanquished Creatures
  A dart slug (D:1)
  A leopard gecko (D:1)
  2 goblins (D:1)
  4 hobgoblins (D:1)
  A kobold (D:1)
  3 bats (D:1)
  2 rats (D:1)
14 creatures vanquished.

Vanquished Creatures (others)
  2 starspawn tentacles (Abyss:1)
2 creatures vanquished.

Grand Total: 16 creatures vanquished

Notes
Turn   | Place    | Note
-------+----------+-------------------------------------------
     0 | Abyss:1  | Mrkan the Formicid Abyssal Knight began the quest for the
                  | Orb.
     0 | Abyss:1  | Reached XP level 1. HP: 18/18 MP: 2/2
    94 | Abyss:1  | Noticed a thrashing horror
   130 | Abyss:1  | Noticed a tentacled starspawn
   135 | Abyss:2  | Found a corrupted altar of Lugonu.
   159 | Abyss:2  | Noticed a neqoxec
   159 | Abyss:2  | Noticed a small abomination
   159 | Abyss:2  | Noticed a worldbinder
   160 | D:1      | Escaped the Abyss
   319 | D:1      | Reached * piety under Lugonu
   319 | D:1      | Reached XP level 2. HP: 24/24 MP: 3/3
   817 | D:1      | HP: 1/24 [adder (1)]
   818 | D:1      | Succumbed to an adder's poison

Levels and vault maps discovered:
D:1:      wander_arrival_estate, layout_loops_ring
D:2:      layout_rooms, first_ration, nicolae_ru_sacrificial_ziggurat

Action                   || total
-------------------------++-------
Melee: Mace              ||    54
Invok: Depart the Abyss  ||     1
  Use: Potion            ||     2
Armor: Leather armour    ||    26
Dodge: Dodged            ||    50

Table legend:
 A = Non-vault XP
 B = Vault XP
 C = Vault XP percentage of total XP
 D = Non-vault monster count
 E = Vault monster count
 F = Vault count percentage of total count
                 A         B        C        D         E       F
            +---------+---------+-------+---------+---------+-------
      Total |      27 |       0 |   0.0 |      14 |       0 |   0.0
            +---------+---------+-------+---------+---------+-------
        D:1 |      27 |       0 |   0.0 |      14 |       0 |   0.0
            +---------+---------+-------+---------+---------+-------
